 Dungeon Crawl Stone Soup version 0.26-a0-1033-gd598b01645 (webtiles) character file.

Game seed: 13537236299297687466

890 pablito the Sneak (level 8, -9/48 HPs)
             Began as an Octopode Transmuter on Dec 10, 2020.
             Killed by divine providence
             ... invoked by an orc priest
              (16 damage)
             ... on level 5 of the Dungeon.
             The game lasted 00:13:45 (7018 turns).

pablito the Sneak (Octopode Transmuter)             Turns: 7018, Time: 00:13:46

Health: -9/48      AC:  2    Str:  9    XL:     8   Next: 6%
Magic:  19/23      EV: 20    Int: 16    God:
Gold:   250        SH:  0    Dex: 19    Spells: 9/15 levels left

rFire    . . .     SeeInvis .     - Unarmed
rCold    . . .     Faith    .   (shield currently unavailable)
rNeg     . . .     Spirit   .   (helmet currently unavailable)
rPois    x         Reflect  .   (no amulet)
rElec    .         Harm     .   c - ring of willpower
rCorr    .         Rampage  .   m - ring of magical power
Will     +....                  (no ring)
Stlth    +++.......             (no ring)
HPRegen  0.16/turn              (no ring)
MPRegen  0.18/turn              (no ring)
                                (no ring)
                                (no ring)

@: spider-form, wereblooded
A: tiny, almost no armour, stealthy swim, (amphibious), 8 rings, (constrict 8)
a: End Transformation


You were on level 5 of the Dungeon.
You were a venomous arachnid creature.
You visited 1 branch of the dungeon, and saw 5 of its levels.
You also visited: Sewer.

You collected 250 gold pieces.

Inventory:

Missiles
 o - 16 poisoned darts (quivered)
Jewellery
 c - a ring of willpower (left front leg)
 m - a ring of magical power (right front leg)
Wands
 q - a wand of disintegration (8)
 s - a wand of flame (18)
Scrolls
 d - a scroll of fear
 e - 4 scrolls of enchant armour
 h - 4 scrolls of remove curse
 j - a scroll of blinking {unknown}
 n - 3 scrolls of teleportation
 t - 3 scrolls of identify
 u - a scroll of amnesia
Potions
 a - 2 potions of attraction
 b - a potion of haste {unknown}
 f - 4 potions of heal wounds {unknown}
 g - a potion of cancellation
 i - 3 potions of curing {unknown}
 k - a potion of magic {unknown}
 l - a potion of brilliance {unknown}
 p - 3 potions of lignification {unknown}
 r - 2 potions of resistance {unknown}


   Skills:
 - Level 1.0 Fighting
 - Level 2.0 Dodging
 + Level 5.4 Stealth
 + Level 3.6 Shields
 + Level 4.9 Unarmed Combat
 + Level 4.0 Spellcasting
 + Level 4.3 Transmutations


You had 9 spell levels left.
You knew the following spells:

 Your Spells              Type           Power        Failure   Level
a - Beastly Appendage     Tmut           ###...       10%         1
b - Spider Form           Tmut/Pois      ##........   41%         3
c - Wereblood             Tmut           ###.....     13%         2

Your spell library contained the following spells:

 Spells                   Type           Power        Failure   Level
 Confusing Touch          Hex            #.......     67%         3
 Gell's Gravitas          Tloc           #.........   67%         3
 Ice Form                 Ice/Tmut       ##......     77%         4
 Petrify                  Tmut/Erth      ##......     77%         4
 Blade Hands              Tmut           ###.......   80%         5
 Yara's Violent Unravell  Hex/Tmut       ##........   96%         5
 Metabolic Englaciation   Hex/Ice        #.........   100%        5


Dungeon Overview and Level Annotations

Branches:
Dungeon (5/15)              Sewer (visited)
 Temple: D:4-7

Altars:


Innate Abilities, Weirdness & Mutations

You cannot wear most types of armour.
You are very stealthy in the water. (Stealth+)
((You are amphibious.))
You can wear up to eight rings at the same time.
((You can use your tentacles to constrict eight enemies at once.))
((Your skin changes colour to match your surroundings (Stealth+).))
((Your rubbery body absorbs attacks. (AC +1, EV +1)))


Message History

The ufetubus closely misses you. The ufetubus misses you.
You closely miss the ufetubus. The ufetubus hits you. The ufetubus misses you.
You closely miss the ufetubus. The ufetubus hits you. x2
An orc priest comes into view. It is wielding a +0 falchion.
You closely miss the ufetubus. The ufetubus closely misses you.
The ufetubus misses you.
The orc priest mumbles some strange prayers to Beogh against you.
Beogh smites you!
* * * LOW HITPOINT WARNING * * *
The ufetubus misses you. The ufetubus barely misses you.
You hit the ufetubus.
The ufetubus is poisoned.
The ufetubus is almost dead.
The ufetubus completely misses you. The ufetubus hits you.
* * * LOW HITPOINT WARNING * * *
You hit the ufetubus but do no damage.
The ufetubus looks as sick as possible!
The ufetubus is almost dead.
You kill the ufetubus!
The orc priest invokes the aid of Beogh against you.
Beogh smites you!
You die...

#....###.....#######
#..(()....##
#..o..)...#
####(!)##..#
#..(.##..# #oo..#
#..# #o##..# ....
#[# #........ #s#
#....... #)# #.. ###
#.. ## #..# #).#
#.## ###


You could see an orc priest, an orc wizard (poisoned) and 2 orcs.

Vanquished Creatures
  An orc warrior (D:5)
  A phantom (D:4)
  An ogre (D:4)
  2 bullfrogs (Sewer)
  Ijyb (D:3)
  Natasha (thrice) (D:2)
  An iguana (D:4)
  An orc wizard (D:5)
  3 worker ants (D:4)
  2 hound skeletons
  5 adders
  A river rat (D:3)
  An ufetubus (D:5)
  14 oozes
  An adder skeleton (D:4)
  2 worms
  3 dart slugs
  13 leopard geckos
  7 orcs
  8 bats
  8 giant cockroaches
  11 goblins
  11 hobgoblins
  A quokka (D:3)
  15 ball pythons
  17 frilled lizards
  2 kobolds
  8 rats
144 creatures vanquished.

Notes
Turn   | Place    | Note
-------+----------+-------------------------------------------
     0 | D:1      | pablito the Octopode Transmuter began the quest for the
                  | Orb.
     0 | D:1      | Reached XP level 1. HP: 13/13 MP: 3/3
   399 | D:1      | Reached XP level 2. HP: 18/18 MP: 3/5
   406 | D:1      | Reached skill level 1 in Stealth
   923 | D:2      | Found a faded altar of an unknown god.
   934 | D:2      | Noticed Natasha
   941 | D:2      | Killed Natasha
   942 | D:2      | Reached skill level 1 in Shields
   942 | D:2      | Reached XP level 3. HP: 4/23 MP: 4/6
  1209 | D:2      | Noticed Natasha
  1219 | D:2      | Killed Natasha
  1220 | D:2      | Reached skill level 2 in Stealth
  1220 | D:2      | Reached XP level 4. HP: 6/28 MP: 7/7
  1475 | D:2      | Noticed Natasha
  1484 | D:2      | Killed Natasha
  1778 | D:2      | Learned a level 3 spell: Spider Form
  2276 | D:2      | Reached XP level 5. HP: 33/33 MP: 9/9
  3226 | D:3      | Found a glowing drain.
  3291 | Sewer    | Entered a sewer
  3303 | Sewer    | Reached skill level 3 in Stealth
  3894 | Sewer    | Reached XP level 6. HP: 37/38 MP: 10/10
  4341 | Sewer    | Reached skill level 4 in Stealth
  4938 | D:3      | Reached XP level 7. HP: 34/43 MP: 12/12
  5037 | D:3      | Learned a level 2 spell: Wereblood
  5256 | D:3      | Noticed Ijyb
  5272 | D:3      | Killed Ijyb
  6233 | D:4      | Reached skill level 5 in Stealth
  6359 | D:4      | HP: 4/43 [phantom (8)]
  6884 | D:5      | Entered Level 5 of the Dungeon
  6921 | D:5      | Reached XP level 8. HP: 18/48 MP: 14/14
  7018 | D:5      | Killed from afar by an orc priest

Illustrated notes

Levels and vault maps discovered:
D:1:      lemuel_arrival_lava_pool, layout_loops_ring, minmay_misc_feat_doors,
          minmay_box_of_dots
D:2:      layout_basic, chequers_ecumenical_altar_simple_redux,
          guppyfry_early_orc_mine, uniq_natasha
D:3:      layout_basic, portal_sewer_entry_b, uniq_ijyb
D:4:      layout_rooms
D:5:      minmay_spotlight, layout_layer_cave, enter_ossuary_2, serial_shops,
          nicolae_shop_stone, uniq_grinder, uniq_pikel, uniq_sigmund

Skill      XL: |  1  2  3  4  5  6  7 |
---------------+----------------------+-----
Stealth        | 1 2 3 4 5 |  5.4
Shields        | 1 2 3 |  3.6
Transmutations | 3 4 |  4.3
Spellcasting   | 3 4 |  4.0
Unarmed Combat | 4 |  4.9
Fighting       | |  1.0
Dodging        | |  2.0

Action                   |  1- 3 |  4- 6 |  7- 9 || total
-------------------------+-------+-------+-------++-------
Melee: Unarmed           |    56 |   241 |   102 ||   399
       Constrict         |    13 |    37 |     5 ||    55
       Kick              |     7 |    10 |     2 ||    19
       Tentacles         |     6 |    23 |     9 ||    38
       Punch             |     3 |     3 |     1 ||     7
Throw: Dart              |       |       |    32 ||    32
 Cast: Beastly Appendage |    13 |    16 |     1 ||    30
       Spider Form       |       |     9 |     8 ||    17
       Wereblood         |       |       |     3 ||     3
  Use: Scroll            |       |     9 |     1 ||    10
 Stab: Sleeping          |     6 |    12 |     3 ||    21
Armor: Skin              |     2 |    10 |     5 ||    17
Dodge: Dodged            |    28 |   149 |    60 ||   237

Table legend: (Time is in decaauts)
 A = Elapsed time spent in this place.
 B = Non-inter-level travel time spent in this place.
 C = Inter-level travel time spent in this place.
 D = Time resting spent in this place.
 E = Time spent auto-exploring this place.
 F = Levels seen in this place.
 G = Mean time per level.
                   A        B        C        D        E       F      G
               +--------+--------+--------+--------+--------+-----+--------+
         Total |   6990 |   6920 |     70 |   1467 |   4379 |   6 | 1165.0 |
       Dungeon |   5606 |   5536 |     70 |    905 |   3822 |   5 | 1121.2 |
         Sewer |   1383 |   1383 |      0 |    562 |    557 |   1 | 1383.0 |
               +--------+--------+--------+--------+--------+-----+--------+

Top non-repeatable levels by time:
     D:2: 1785 daAuts
   Sewer: 1383 daAuts
     D:3: 1370 daAuts
     D:1: 1244 daAuts
     D:4: 1076 daAuts
     D:5: 131 daAuts
